 Dungeon Crawl Stone Soup version 0.20-a0-854-g0cc194a (webtiles) character file.

115 George the Slasher (level 4, 0/35 HPs)
             Began as a Demonspawn Fighter on Mar 11, 2017.
             Slain by a scorpion (5 damage)
             ... on level 3 of the Dungeon.
             The game lasted 00:03:15 (1869 turns).

George the Slasher (Demonspawn Fighter)             Turns: 1869, Time: 00:03:16

Health: 0/35       AC:  6    Str: 17    XL:     4   Next: 68%
Magic:  4/4        EV:  6    Int:  9    God:
Gold:   133        SH:  8    Dex: 13    Spells: 3/3 levels left

rFire    . . .     SeeInvis .   a - +0 long sword
rCold    . . .     Gourm    .   b - +0 scale mail
rNeg     . . .     Faith    .   c - +0 shield
rPois    .         Spirit   .   (no helmet)
rElec    .         Reflect  .   (no cloak)
rCorr    .         Harm     .   (no gloves)
MR       .....                  (no boots)
Stlth    ..........             (no amulet)
Regen    0.2/turn               (no ring)
MPRegen  0.1/turn               (no ring)

@: lethally poisoned (0 -> -18)
A: talons 2
a: no special abilities


You were on level 3 of the Dungeon.
You were hungry.

You visited 1 branch of the dungeon, and saw 4 of its levels.

You collected 133 gold pieces.

Inventory:

Hand Weapons
 a - a +0 long sword (weapon)
Armour
 b - a +0 scale mail (worn)
 c - a +0 shield (worn)
Jewellery
 y - the amulet "Vomalull" {Inacc *Drain rF+ MR+, unknown}
   (You found it on level 4 of the Dungeon)

   [amulet of inaccuracy]

   It reduces the accuracy of all your attacks.
   It protects you from fire.
   It affects your resistance to hostile enchantments.
   It causes draining when unequipped.
Wands
 x - a wand of random effects (22/48)
Scrolls
 h - 12 scrolls of identify {unknown}
 i - a scroll of teleportation {unknown}
 k - a scroll of remove curse {unknown}
 m - 2 scrolls of enchant weapon {unknown}
 n - a scroll of noise {unknown}
 p - 2 scrolls of magic mapping {unknown}
 q - a scroll of immolation {unknown}
 s - a scroll of recharging {unknown}
 w - a scroll of blinking {unknown}
Potions
 d - a potion of might
 e - a potion of magic {unknown}
 j - a potion of agility {unknown}
 l - 2 potions of flight {unknown}
 o - a potion of mutation {unknown}
 r - a potion of lignification {unknown}
 u - 2 potions of curing {unknown}
 v - a potion of heal wounds {unknown}
Comestibles
 f - 2 bread rations
 g - a meat ration
 t - 3 fruits


   Skills:
 - Level 3.0 Fighting
 + Level 4.5 Long Blades
 - Level 2.6 Armour
 - Level 2.6 Shields


You had 3 spell levels left.
You didn't know any spells.

Dungeon Overview and Level Annotations

Branches:
Dungeon (4/15)
 Temple: D:4-7

Altars:
Kikubaaqudgha


Innate Abilities, Weirdness & Mutations

You have razor-sharp toenails.


Message History

The scorpion stings you but does no damage.
Your shield prevents you from hitting the scorpion.
The scorpion stings you!
You barely miss the scorpion.
You claw the scorpion, but do no damage.
The scorpion stings you but does no damage.
The scorpion stings you!
You are lethally poisoned!
The scorpion poisons you!
Your shield prevents you from hitting the scorpion.
You claw the scorpion, but do no damage.
* * * LOW HITPOINT WARNING * * *
You feel sick. The scorpion stings you.
* * * LOW HITPOINT WARNING * * *
You are more poisoned.
The scorpion poisons you!
You closely miss the scorpion. Your kick misses the scorpion.
* * * LOW HITPOINT WARNING * * *
You feel sick. The scorpion stings you.
You die...

# ###....................#..####.
# #.#.......................... #
#.#..................#..#####
#####.#..................#..#####
##...........))#####.##..........
#....###......<.# #.##..........
...(## #.#..###.# #.##..........
...## #.##...#.####............(
...# ##.####.#.@s.###....>......
..## #..# #.####.####..........
.######..# #..###...##.#)..#####
.........#####.#........#...#
.#####..................#...# .#
##.#)#####.#........#...# .#
##..#.#####............>.# .#
#.........##.............#
.###.........##.............#


You could see a scorpion.

Vanquished Creatures
  4 adders
  2 oozes (D:2)
  2 worms (D:2)
  3 dart slugs (D:1)
  A leopard gecko (D:2)
  13 bats
  2 giant cockroaches (D:1)
  4 goblins
  8 hobgoblins
  4 jackals
  3 kobolds
  A quokka (D:3)
  3 frilled lizards
  7 rats
57 creatures vanquished.

Notes
Turn   | Place    | Note
-------+----------+-------------------------------------------
     0 | D:1      | George the Demonspawn Fighter began the quest for the Orb.
     0 | D:1      | Reached XP level 1. HP: 18/18 MP: 1/1
    44 | D:1      | Reached skill level 2 in Long Blades
    96 | D:1      | Gained mutation: You have sharp toenails. [demonic ancestry]
    96 | D:1      | Reached XP level 2. HP: 24/24 MP: 2/2
   269 | D:1      | Reached skill level 3 in Long Blades
   292 | D:1      | Reached XP level 3. HP: 17/29 MP: 3/3
   980 | D:2      | Gained mutation: You have razor-sharp toenails. [demonic ancestry]
   980 | D:2      | Reached XP level 4. HP: 27/35 MP: 4/4
  1052 | D:2      | Reached skill level 4 in Long Blades
  1481 | D:3      | Found an ancient bone altar of Kikubaaqudgha.
  1836 | D:4      | Got a translucent crystal amulet
  1869 | D:3      | Slain by a scorpion

Vault maps used:
D:1:      tarquinn_simple_flora_water_d, hangedman_decor_push,
          minmay_tetromino_i4
D:3:      nicolae_overflow_hidden_temple
D:4:      nicolae_qazlal_eye_of_the_storm, first_bread, serial_glass,
          glass_columns_a, glass_columns_a, serial_shops,
          nicolae_shop_statue_plus

Skill      XL: |  1  2  3  4 |
---------------+-------------+-----
Long Blades    | 2 3 4 |  4.5
Fighting       | |  3.0
Armour         | |  2.6
Shields        | |  2.6

Action                   |  1- 3 |  4- 6 || total
-------------------------+-------+-------++-------
Melee: Long sword        |   125 |    83 ||   208
       Kick              |    17 |    25 ||    42
  Eat: Chunk             |     1 |     2 ||     3
Armor: Scale mail        |    82 |    46 ||   128
Dodge: Dodged            |    34 |    25 ||    59
Block: Shield            |    62 |    44 ||   106
       Rpst.: Long sword |     9 |     5 ||    14
